 Dungeon Crawl Stone Soup version 0.20.1-1-g8b1a95d (webtiles) character file.

4613 Minstaer the Grappler (level 10, -7/102 HPs)
             Began as a Troll Monk on Nov 3, 2017.
             Was a Priest of Qazlal.
             Mangled by a four-headed hydra (17 damage)
             ... on level 8 of the Dungeon.
             The game lasted 00:32:21 (7193 turns).

Minstaer the Grappler (Troll Monk)                  Turns: 7193, Time: 00:32:21

Health: -7/102     AC:  5    Str: 23    XL:     10   Next: 19%
Magic:  9/9        EV: 10    Int:  6    God:    Qazlal [***...]
Gold:   295        SH:  4    Dex: 11    Spells: 9/9 levels left

rFire    . . .     SeeInvis .     - Unarmed
rCold    . . .     Gourm    +   (no shield)
rNeg     . . .     Faith    .   a - +0 robe
rPois    .         Spirit   .   (helmet restricted)
rElec    .         Reflect  .   (no cloak)
rCorr    .         Harm     .   (gloves unavailable)
MR       .....                  (boots unavailable)
Stlth    +.........             (no amulet)
Regen    0.7/turn               c - ring of flight
MPRegen  0.2/turn               E - ring of flight

@: hasted, very quick
A: unfitting armour, claws 3, clumsy 1, fast metabolism 3, gourmand,
regeneration 1, shaggy fur 1, tough skin 2
a: Upheaval, Elemental Force, Renounce Religion, Evoke Flight


You were on level 8 of the Dungeon.
You worshipped Qazlal.
Qazlal was most pleased with you.
You were completely stuffed.

You visited 2 branches of the dungeon, and saw 9 of its levels.

You collected 295 gold pieces.

Inventory:

Hand Weapons
 s - a cursed -2 flail
 x - a +0 giant club
 z - a +0 falchion of flaming
 C - the +8 arbalest of Terra Cotta {velocity, *Contam +Blink +Fly Str+8 Stlth+}
   (You found it on level 5 of the Dungeon)

   Any bolt fired from it inflicts extra damage.
   It affects your strength (+8).
   It lets you fly.
   It lets you blink.
   It causes magical contamination when unequipped.
   It makes you more stealthy.
 F - the +9 war axe "Oxizeo" {speed, *Noise rC+ Str+2}
   (You found it on level 5 of the Dungeon)

   Attacks with this weapon are significantly faster.
   It affects your strength (+2).
   It protects you from cold.
   It may make noises in combat.
 G - the +7 shortbow of Genirr {speed, rElec MR+}
   (You found it on level 5 of the Dungeon)

   Attacks with this weapon are significantly faster.
   It insulates you from electricity.
   It affects your resistance to hostile enchantments.
 I - a +1 rapier of speed
 J - a +0 long sword
 W - a +0 falchion of flaming
Missiles
 h - 279 stones (quivered)
 q - 47 poisoned needles
 H - 53 bolts
 M - 4 tomahawks
 N - 6 tomahawks of returning
Armour
 a - a +0 robe (worn)
 o - a +0 shield
 V - a +2 robe of fire resistance
Magical Staves
 w - an uncursed staff of wizardry
Jewellery
 c - a ring of flight (left claw)
 E - a ring of flight (right claw)
Wands
 A - a wand of confusion (10/48)
 K - a wand of flame (14/48)
 P - a wand of iceblast (3/15)
 S - a wand of polymorph (6/24)
Scrolls
 d - a scroll of enchant armour
 i - 5 scrolls of teleportation
 l - 4 scrolls of fog {unknown}
 m - 6 scrolls of remove curse
 r - a scroll of fear {unknown}
 y - a scroll of magic mapping {unknown}
 B - a scroll of noise {unknown}
 O - a scroll of recharging {unknown}
 R - a scroll of vulnerability {unknown}
 T - a scroll of immolation {unknown}
Potions
 e - 4 potions of curing
 f - a potion of agility
 g - 2 potions of mutation
 k - a potion of invisibility
 u - 3 potions of degeneration {unknown}
 v - 2 potions of ambrosia
 L - a potion of might
Books
 n - a book of Cantrips

   Spells                             Type                      Level
   a - Confusing Touch                Hexes                        1
   b - Animate Skeleton               Necromancy                   1
   c - Summon Small Mammal            Summoning                    1
   d - Apportation                    Translocation                1
 D - the Papyrus of Protection
   (You found it on level 5 of the Dungeon)

   Spells                             Type                      Level
   a - Song of Slaying                Charms                       2
   b - Ozocubu's Armour               Charms/Ice                   3
   c - Iskenderun's Battlesphere      Conjuration/Charms           5
 Q - a book of Flames

   Spells                             Type                      Level
   a - Flame Tongue                   Conjuration/Fire             1
   b - Throw Flame                    Conjuration/Fire             2
   c - Conjure Flame                  Conjuration/Fire             3
   d - Inner Flame                    Hexes/Fire                   3
   e - Sticky Flame                   Conjuration/Fire             4
   f - Fireball                       Conjuration/Fire             5
Comestibles
 b - 10 bread rations
 p - 3 meat rations
 t - 8 royal jellies
 U - 3 chunks of flesh
 X - 12 fruits


   Skills:
 - Level 7.0 Fighting
 - Level 2.4 Dodging
 - Level 1.0 Stealth
 + Level 3.2 Shields
 + Level 12.1 Unarmed Combat


You had 9 spell levels left.
You didn't know any spells.

Dungeon Overview and Level Annotations

Branches:
Dungeon (8/15)             Temple (1/1) D:7
   Lair: D:8-11

Altars:
Ashenzari
Cheibriados
Dithmenos
Elyvilon
Fedhas
Gozag
Hepliaklqana
Kikubaaqudgha
Makhleb
Nemelex Xobeh
Okawaru
Qazlal
Ru
Sif Muna
Trog
Uskayaw
Vehumet
Xom
Yredelemnul
Zin
The Shining One

Shops:
D:6 [


Innate Abilities, Weirdness & Mutations

You are too large for most types of armour.
You have claws for hands.
Your metabolism is lightning-fast.
You like to eat raw meat.
Your natural rate of healing is unusually fast.
You are covered in fur. (AC +1)
You have very tough skin. (AC +2)
You are clumsy. (Dex -2)


Message History

That beam is likely to hit you.
Continue anyway?
The mass of ice explodes!
The iceblast engulfs the four-headed hydra.
The four-headed hydra is moderately wounded.
The iceblast engulfs you!
Evoking this partially-identified wand wasted a few charges.
The four-headed hydra bites you! x3
* * * LOW HITPOINT WARNING * * *
The four-headed hydra barely misses you.
There is an open gate here.
The four-headed hydra bites you but does no damage.
The four-headed hydra bites you!
* * * LOW HITPOINT WARNING * * *
The four-headed hydra bites you!
* * * LOW HITPOINT WARNING * * *
You block the four-headed hydra's attack.
You see here a pair of gloves.
Okay, then.
You feel yourself speed up. The four-headed hydra bites you!
You die...

##......##### ##..
#...........# ##...
#.........>#.# ##..##
#......#####.#### ##..##
#......#PP≈)).≈.# ##..###
........#P≈......# ##..#..#
........#≈≈P..P..# ##......#
.......#P≈≈.....#####......##
.... #.≈P..@..#.#........#
#+###D''##.........##
#).#.....#.........#
#.%'.....#........##
##########.......##
#.......## #. ###....## #..
### ##....## ... ##.##### ..
#####.)#..## ##...


You could see a four-headed hydra.

Vanquished Creatures
  A centaur skeleton (D:6)
  2 hippogriffs
  2 dream sheep (D:8)
  2 yaks (D:8)
  3 hungry ghosts
  A hornet zombie (D:6)
  An orc warrior (D:7)
  2 ice beasts
  A sky beast (D:5)
  2 ogres
  A black bear (D:5)
  4 centaurs
  3 big kobolds (D:8)
  5 bullfrogs
  2 scorpions
  A wyvern skeleton (D:7)
  5 killer bees (D:8)
  A crimson imp (D:6)
  4 orc priests
  5 orc wizards
  A quasit (D:8)
  2 bullfrog skeletons
  5 hounds
  Terence (D:3)
  3 worker ants
  An iguana (D:5)
  A hound zombie (D:5)
  2 hound skeletons
  5 gnolls
  10 adders
  2 shadow imps
  2 oozes
  2 adder zombies
  3 adder skeletons
  6 worms
  2 dart slugs (D:1)
  2 leopard geckos
  19 orcs
  A ball python (D:3)
  9 giant cockroaches
  4 goblins
  8 hobgoblins
  6 jackals
  10 kobolds
  4 quokkas
  A ball python skeleton (D:5)
  10 bats
  5 frilled lizards
  A quokka skeleton (D:6)
  A quokka zombie (D:5)
  4 rats
181 creatures vanquished.

Notes
Turn   | Place    | Note
-------+----------+-------------------------------------------
     0 | D:1      | Minstaer the Troll Monk began the quest for the Orb.
     0 | D:1      | Reached XP level 1. HP: 22/22 MP: 0/0
   209 | D:1      | Reached XP level 2. HP: 29/29 MP: 1/1
   366 | D:1      | Reached skill level 4 in Unarmed Combat
   499 | D:1      | Reached XP level 3. HP: 36/36 MP: 2/2
  1344 | D:2      | Reached XP level 4. HP: 44/44 MP: 3/3
  1748 | D:3      | Noticed Terence
  1762 | D:3      | Killed Terence
  1762 | D:3      | Reached skill level 5 in Unarmed Combat
  1962 | D:3      | Reached XP level 5. HP: 53/53 MP: 4/4
  2731 | D:4      | Reached skill level 6 in Unarmed Combat
  2731 | D:4      | Reached XP level 6. HP: 22/61 MP: 5/5
  3275 | D:5      | Entered Level 5 of the Dungeon
  3281 | D:5      | Noticed a sky beast
  3284 | D:5      | Killed a sky beast
  3284 | D:5      | Reached skill level 7 in Unarmed Combat
  3284 | D:5      | Reached XP level 7. HP: 70/70 MP: 6/6
  3514 | D:5      | Found a large runed door.
  3515 | D:5      | Got a dazzling arbalest
  3517 | D:5      | Found a large runed door.
  3606 | D:5      | Identified the Papyrus of Protection
  4011 | D:5      | Reached skill level 8 in Unarmed Combat
  4086 | D:5      | Found a large runed door.
  4086 | D:5      | Found a large runed door.
  4120 | D:5      | Reached XP level 8. HP: 53/79 MP: 7/7
  4127 | D:5      | Reached skill level 5 in Fighting
  4135 | D:5      | Got a jewelled war axe
  4191 | D:5      | Got a slimy shortbow
  4219 | D:6      | Found Ytuhoe's Antique Armour Shop.
  4236 | D:6      | Found a stormy altar of Qazlal.
  4241 | D:6      | Identified the +8 arbalest of Terra Cotta {velocity, *Contam +Blink +Fly Str+8 Stlth+} (You found it on level 5 of the Dungeon)
  4243 | D:6      | Identified the +7 shortbow of Genirr {speed, rElec MR+} (You found it on level 5 of the Dungeon)
  4244 | D:6      | Identified the +9 war axe "Oxizeo" {speed, *Noise rC+ Str+2} (You found it on level 5 of the Dungeon)
  4250 | D:6      | Gained mutation: You are clumsy. (Dex -2) [mutagenic glow]
  4484 | D:6      | Became a worshipper of Qazlal Stormbringer
  4484 | D:6      | Reached * piety under Qazlal
  4484 | D:6      | Reached ** piety under Qazlal
  4515 | D:6      | Reached skill level 9 in Unarmed Combat
  4676 | D:6      | Found a deep blue altar of Sif Muna.
  5028 | D:6      | Reached skill level 10 in Unarmed Combat
  5126 | D:7      | Reached XP level 9. HP: 62/89 MP: 8/8
  5652 | D:7      | Reached skill level 11 in Unarmed Combat
  5819 | D:7      | Found a staircase to the Ecumenical Temple.
  5853 | Temple   | Entered the Ecumenical Temple
  6760 | D:8      | Reached *** piety under Qazlal
  6977 | D:8      | Reached skill level 1 in Shields
  7105 | D:8      | Reached XP level 10. HP: 102/102 MP: 9/9
  7107 | D:8      | Reached skill level 12 in Unarmed Combat
  7185 | D:8      | Noticed a three-headed hydra
  7193 | D:8      | Mangled by a four-headed hydra

Skill      XL: |  1  2  3  4  5  6  7  8  9 10 |
---------------+-------------------------------+-----
Unarmed Combat | 4 5 6 7 8 10 11 12 | 12.1
Fighting       | 3 4 6 7 |  7.0
Shields        | 2 3 |  3.2
Dodging        | |  2.4
Stealth        | |  1.0

Action                   |  1- 3 |  4- 6 |  7- 9 | 10-12 || total
-------------------------+-------+-------+-------+-------++-------
Melee: Unarmed           |    93 |   145 |   246 |    22 ||   506
       Punch             |     1 |     5 |    11 |     1 ||    18
Throw: Stone             |       |     4 |       |       ||     4
Evoke: Wand              |       |       |       |     1 ||     1
  Use: Scroll            |       |       |     9 |       ||     9
       Potion            |       |       |     1 |     1 ||     2
 Stab: Sleeping          |     3 |     8 |     2 |       ||    13
  Eat: Chunk             |    16 |    19 |    44 |     8 ||    87
Armor: Robe              |    41 |    29 |    59 |     7 ||   136
Dodge: Dodged            |    45 |    50 |    98 |    14 ||   207
Block: Other             |       |       |    10 |     3 ||    13
